[Event "January 2 Late 2024"]
[Site "https://www.chess.com"]
[Date "2024.01.02"]
[Round "9"]
[White "Mekhitarian, Krikor Sevag"]
[Black "Fantinel, Thibault"]
[Result "1-0"]
[Board "31"]
[TimeControl "180+1"]
[WhiteFideId "2107660"]
[BlackFideId "663395"]
[WhiteElo "2833"]
[BlackElo "2679"]
[WhiteTeam "BRA"]
[BlackTeam "FRA"]
[WhiteClock "0:00:05"]
[BlackClock "0:00:10"]

1. Nf3 Nf6 2. c4 b6 3. Nc3 Bb7 4. d4 e6 5. e3 d5 6. cxd5 exd5 7. g3 Bd6 8. Bg2 O-O 9. O-O Nbd7 10. b3 a6 11. Bb2 Qe7 12. Rc1 Rfe8 13. Ne2 Ne4 14. Nf4 a5 15. a4 Rac8 16. Nd3 Ba6 17. Re1 f6 18. Nf4 c6 19. Bh3 Rc7 20. Be6+ Kh8 21. Bf5 Nf8 22. Bh3 Bc8 23. Bg2 Ne6 24. Nd3 Ba6 25. Nh4 g6 26. Qc2 Rec8 27. Nf3 Kg7 28. h4 h5 29. Bh3 Re8 30. Kg2 Rd8 31. Rcd1 Re8 32. Rc1 Rd8 33. Qd1 Re8 34. Nf4 Nxf4+ 35. exf4 Qd8 36. Re3 Bc8 37. Bxc8 Qxc8 38. Nh2 Ree7 39. Nf1 Qf5 40. Qc2 c5 41. dxc5 Rxc5 42. Qd1 Rec7 43. Rxc5 Rxc5 44. Rd3 Qe6 45. Ne3 d4 46. Bxd4 Rc8 47. Bxb6 Bb4 48. Bd4 Kh6 49. Bb2 Qc6 50. Kh2 Rc7 51. Qf3 Nd2 52. Qxc6 Rxc6 53. Kg2 Ne4 54. Nc4 Nc5 55. Rf3 Rc8 56. Ne3 Rc6 57. f5 g5 58. hxg5+ Kxg5 59. Nd5 Nd7 60. Nxb4 axb4 61. Rf4 Ne5 62. Bxe5 fxe5 63. Rxb4 Kxf5 64. a5 Ra6 65. Ra4 e4 66. b4 e3 67. fxe3 Ke4 68. b5+ Kxe3 69. bxa6 Ke2 70. a7 Ke1 71. a8=Q Kd1 72. Rd4+ Kc1 73. Qc6+ Kb1 1-0

[Event "January 2 Late 2024"]
[Site "https://www.chess.com"]
[Date "2024.01.02"]
[Round "9"]
[White "Durarbayli, Vasif"]
[Black "Rojas Alarcon, Julian Antonio"]
[Result "0-1"]
[Board "32"]
[TimeControl "180+1"]
[WhiteFideId "13402935"]
[BlackFideId "5107407"]
[WhiteElo "2809"]
[BlackElo "2657"]
[WhiteTeam "AZE"]
[BlackTeam "MEX"]
[WhiteClock "0:00:00"]
[BlackClock "0:00:18"]

1. e4 c5 2. Nf3 d6 3. d4 cxd4 4. Nxd4 Nf6 5. Nc3 g6 6. Be3 Bg7 7. f3 O-O 8. Qd2 Nc6 9. Bc4 Bd7 10. g4 Qa5 11. Nb3 Qc7 12. Be2 Be6 13. h4 h5 14. O-O-O Rfc8 15. Kb1 Ne5 16. g5 Nfd7 17. Bd4 Nb6 18. f4 Nec4 19. Bxc4 Nxc4 20. Qd3 Bxd4 21. Nxd4 Qb6 22. b3 Qb4 23. Nxe6 fxe6 24. Rh3 Rc6 25. e5 Kg7 26. Qd4 dxe5 27. fxe5 Na3+ 28. Kb2 Nc4+ 29. Ka1 Na3 30. Qxb4 Nxc2+ 31. Kb2 Nxb4 32. Rd7 Kf8 33. Rxb7 a5 34. Rb5 Rd8 35. Rxa5 Nd3+ 36. Kc2 Nb4+ 37. Kb2 Nd3+ 38. Kc2 Nb4+ 39. Kb1 Rd2 40. Ra8+ Kg7 41. Re8 Nd3 42. Rxd3 Rxd3 43. Na4 Kf7 44. Ra8 Rd2 45. b4 Rcc2 46. b5 Rxa2 47. b6 Rdb2+ 48. Nxb2 Rxa8 49. Nc4 Rb8 50. Kc2 Ke8 51. Kc3 Kd7 52. Kb4 Kc6 53. Ka5 Ra8+ 54. Kb4 Ra1 55. Kc3 Rh1 56. Na5+ Kxb6 57. Nb3 Rxh4 58. Nd4 Rxd4 59. Kxd4 Kb5 0-1

[Event "January 2 Late 2024"]
[Site "https://www.chess.com"]
[Date "2024.01.02"]
[Round "9"]
[White "Palchuk, Andrii"]
[Black "Troff, Kayden"]
[Result "0-1"]
[Board "33"]
[TimeControl "180+1"]
[WhiteFideId "14176688"]
[BlackFideId "2047896"]
[WhiteElo "2625"]
[BlackElo "2806"]
[WhiteTeam "UKR"]
[BlackTeam "USA"]
[WhiteClock "0:00:00"]
[BlackClock "0:00:08"]

1. d4 Nf6 2. c4 g6 3. Nf3 Bg7 4. g3 O-O 5. Bg2 c6 6. O-O d5 7. Nbd2 a5 8. e3 a4 9. Qe2 b6 10. Ne5 Nfd7 11. Nd3 Ra5 12. Rb1 e5 13. dxe5 Nxe5 14. Nxe5 Bxe5 15. Rd1 Ba6 16. b4 axb3 17. axb3 Ra2 18. Qd3 Qf6 19. Nf3 Nd7 20. Rd2 Nc5 21. Qe2 Ra1 22. Rxa1 Bxa1 23. Ra2 Bc3 24. Ba3 Nxb3 25. Bxf8 Bxc4 26. Qd1 Kxf8 27. Ra8+ Kg7 28. h4 h6 29. Bf1 Bxf1 30. Kxf1 Nc5 31. Kg2 b5 32. Qc2 b4 33. Qa2 b3 34. Qa3 b2 35. Qxc5 Kh7 36. Qf8 Qg7 37. Qxg7+ Kxg7 38. Rb8 Kf6 39. Nd4 c5 40. Ne2 d4 41. exd4 cxd4 42. Nf4 Kf5 43. Nd3 Ke4 44. Nxb2 d3 45. Nc4 Kd4 46. Ne3 Ke4 47. Rd8 Bd4 48. Nc4 Bc3 49. Re8+ Kd4 50. Ne3 Bb4 51. Rd8+ Ke4 52. Kf1 Ba5 53. Nc4 Bxd8 54. Ke1 Kd4 55. Nd6 Ba5+ 56. Kd1 f6 57. Nf7 h5 58. Nh8 g5 59. Ng6 gxh4 60. Nxh4 Ke4 61. Ng2 Kf3 62. Nf4 h4 63. Nxd3 h3 64. Nf4 h2 0-1

[Event "January 2 Late 2024"]
[Site "https://www.chess.com"]
[Date "2024.01.02"]
[Round "9"]
[White "Korchynskyi, Mykola"]
[Black "Lagarde, Maxime"]
[Result "0-1"]
[Board "34"]
[TimeControl "180+1"]
[WhiteFideId "34138005"]
[BlackFideId "662399"]
[WhiteElo "2598"]
[BlackElo "2795"]
[WhiteTeam "UKR"]
[BlackTeam "FRA"]
[WhiteClock "0:00:04"]
[BlackClock "0:00:10"]

1. d4 c6 2. c4 d5 3. cxd5 cxd5 4. Nc3 Nc6 5. Bf4 e5 6. Bxe5 Nxe5 7. dxe5 d4 8. Nb1 Ne7 9. Nf3 Nc6 10. g3 Be7 11. Bg2 O-O 12. O-O Qb6 13. b3 Bf5 14. Nbd2 Rfd8 15. Rc1 a5 16. Nc4 Qb4 17. Qd2 a4 18. Qxb4 Nxb4 19. bxa4 Nxa2 20. Ra1 Nc3 21. Rfe1 Rxa4 22. Rxa4 Nxa4 23. e3 Be6 24. Na5 d3 25. Nd4 Nc3 26. Nxb7 d2 27. Rf1 Rb8 28. Na5 d1=Q 29. Rxd1 Nxd1 30. Nac6 Re8 31. Nxe6 fxe6 32. Bh3 Kf7 33. Nd4 Bc5 34. Nf3 h6 35. Bg4 Ra8 36. Nh4 Ra2 37. Bh5+ Ke7 38. Ng6+ Kd7 39. Bxd1 Ra1 40. Nf4 Rxd1+ 41. Kg2 Ra1 42. Nh5 Bf8 43. Nf4 Ra5 44. g4 Ke7 45. Ng6+ Kf7 46. Nf4 Rxe5 47. h3 Ra5 48. Nd3 g5 49. f4 Ra3 50. Ne5+ Ke8 51. Kf3 Bc5 52. Nc4 Rc3 53. fxg5 Rxc4 54. gxh6 Kf7 55. h4 Bf8 56. g5 Rxh4 57. Kg3 Ra4 58. Kf3 Kg6 59. h7 Kxh7 60. g6+ Kxg6 0-1

[Event "January 2 Late 2024"]
[Site "https://www.chess.com"]
[Date "2024.01.02"]
[Round "9"]
[White "Leenhouts, Koen"]
[Black "Timmermans, Mark"]
[Result "0-1"]
[Board "35"]
[TimeControl "180+1"]
[WhiteFideId "1008439"]
[BlackFideId "1026399"]
[WhiteElo "2551"]
[BlackElo "2774"]
[WhiteTeam "NED"]
[BlackTeam "NED"]
[WhiteClock "0:00:06"]
[BlackClock "0:00:41"]

1. d4 Nf6 2. c4 e6 3. g3 d5 4. Nf3 Be7 5. Bg2 O-O 6. O-O dxc4 7. Qc2 b5 8. a4 b4 9. Nbd2 Bb7 10. Nxc4 c5 11. Rd1 Nbd7 12. Bf4 Be4 13. Qd2 Bd5 14. Rac1 Rc8 15. Nfe5 Bxg2 16. Kxg2 Nd5 17. Nxd7 Qxd7 18. dxc5 Rxc5 19. b3 Qb7 20. Kg1 Nc3 21. Re1 Rd8 22. Qe3 Rcd5 23. h4 Bc5 24. Qf3 Qa8 25. Be5 Bd4 26. Bxd4 Rxd4 27. Qxa8 Rxa8 28. Ne5 a5 29. Nc4 h5 30. e3 Rd3 31. Rc2 f6 32. Rec1 Kf7 33. Kg2 e5 34. Nb6 Ra6 35. Nc4 Ke6 36. Nb2 Rd5 37. Nc4 e4 38. Rxc3 bxc3 39. Rxc3 Rd3 40. Rxd3 exd3 41. Kf1 Kd5 42. Ke1 Kc5 43. Kd2 Kb4 44. Kxd3 Kxb3 45. Kd4 Kxa4 46. Kc5 Kb3 47. Kb5 a4 48. Nd2+ Kc2 49. Nc4 a3 0-1

[Event "January 2 Late 2024"]
[Site "https://www.chess.com"]
[Date "2024.01.02"]
[Round "9"]
[White "Gurevich, Dmitry"]
[Black "Flores, Diego"]
[Result "1/2-1/2"]
[Board "36"]
[TimeControl "180+1"]
[WhiteFideId "2000407"]
[BlackFideId "108049"]
[WhiteElo "2456"]
[BlackElo "2751"]
[WhiteTeam "USA"]
[BlackTeam "ARG"]
[WhiteClock "0:00:11"]
[BlackClock "0:00:15"]

1. d4 Nf6 2. c4 e6 3. Nc3 d5 4. Nf3 dxc4 5. Bg5 a6 6. e4 b5 7. e5 h6 8. Bh4 g5 9. Nxg5 hxg5 10. Bxg5 Nbd7 11. Qf3 Rb8 12. exf6 Bh6 13. Bxh6 Rxh6 14. d5 Qxf6 15. Qxf6 Nxf6 16. dxe6 Bxe6 17. Be2 b4 18. Na4 Ne4 19. O-O Bd7 20. Bxc4 Bxa4 21. Rfe1 f5 22. f3 Bc6 23. fxe4 Bxe4 24. Bd5 Rh4 25. g3 Rg4 26. Re3 Rd8 27. Bxe4 Rxe4 28. Rxe4+ fxe4 29. Re1 Rd4 30. Kf2 Kf7 31. Ke3 c5 32. Rc1 Rd3+ 33. Kxe4 Rd2 34. Rxc5 Rxb2 35. Ra5 Rxh2 36. Rxa6 Rg2 37. Kf3 Rb2 38. Rb6 Rxa2 39. Rxb4 Ra5 40. Kf4 Kg6 41. g4 Rc5 42. Rb6+ Kg7 43. Re6 Ra5 44. Re5 Rxe5 45. Kxe5 Kg6 46. Kf4 Kf6 47. g5+ Kg6 48. Kg4 Kg7 49. Kf5 Kf7 50. g6+ Kg7 51. Kg5 Kg8 52. Kf6 Kf8 53. g7+ Kg8 54. Kg6 1/2-1/2

[Event "January 2 Late 2024"]
[Site "https://www.chess.com"]
[Date "2024.01.02"]
[Round "9"]
[White "Rustemov, Alexander"]
[Black "Federzoni, Enzo"]
[Result "1-0"]
[Board "37"]
[TimeControl "180+1"]
[WhiteFideId "4119002"]
[BlackFideId "2173301"]
[WhiteElo "2854"]
[BlackElo "2469"]
[WhiteTeam "RUS"]
[BlackTeam "BRA"]
[WhiteClock "0:00:18"]
[BlackClock "0:00:01"]

1. d4 Nf6 2. c4 g6 3. g3 c6 4. Nf3 d5 5. b3 Bg7 6. Bb2 O-O 7. Bg2 dxc4 8. bxc4 c5 9. O-O Qb6 10. Qb3 Nc6 11. dxc5 Qxc5 12. Qb5 Ne4 13. Bxg7 Kxg7 14. Nbd2 Qxb5 15. cxb5 Nxd2 16. Nxd2 Nd4 17. a4 Nxe2+ 18. Kh1 Nd4 19. Nc4 Rb8 20. Rfd1 Nb3 21. Ra3 Nc5 22. Na5 Be6 23. h4 Rfd8 24. Rxd8 Rxd8 25. Nxb7 Nxb7 26. Bxb7 Bd5+ 27. Bxd5 Rxd5 28. Kg2 Rd4 29. a5 Kf6 30. Rc3 Rb4 31. Rc5 Ke6 32. Kf3 h5 33. Ke3 Kd6 34. Rc6+ Kd7 35. Ra6 Rxb5 36. Rxa7+ Ke6 37. a6 Ra5 38. Kd4 Kd6 39. Kc4 Rf5 40. f4 Ra5 41. Kb4 Ra1 42. Ra8 Rb1+ 43. Ka5 Ra1+ 44. Kb6 Rb1+ 45. Ka7 Rb3 46. Rf8 Rxg3 47. Rxf7 Ke6 48. Rf8 Rb3 49. Rb8 Ra3 50. Rb5 Kd7 51. Kb7 Rf3 52. a7 1-0

[Event "January 2 Late 2024"]
[Site "https://www.chess.com"]
[Date "2024.01.02"]
[Round "9"]
[White "Seemann, Jakub"]
[Black "Ambartsumova, Karina"]
[Result "1/2-1/2"]
[Board "38"]
[TimeControl "180+1"]
[WhiteFideId "21874697"]
[BlackFideId "4166299"]
[WhiteElo "2796"]
[BlackElo "2616"]
[WhiteTeam "POL"]
[BlackTeam "RUS"]
[WhiteClock "0:00:02"]
[BlackClock "0:00:11"]

1. d4 Nf6 2. Nf3 e6 3. Bf4 d5 4. e3 Bd6 5. c3 O-O 6. Bd3 c5 7. O-O Qc7 8. Bxd6 Qxd6 9. Nbd2 Nbd7 10. e4 dxe4 11. Nxe4 Nxe4 12. Bxe4 Nf6 13. Bc2 b6 14. dxc5 Qxc5 15. Qe2 Bb7 16. Ne5 Rad8 17. Rad1 Rd5 18. Rfe1 g6 19. a3 Kg7 20. Bb3 Rxd1 21. Rxd1 b5 22. Rd4 a6 23. Ba2 Qc7 24. h3 Bd5 25. Bxd5 Nxd5 26. c4 bxc4 27. Rxc4 Qe7 28. b4 Qg5 29. Nd7 Rd8 30. Qe5+ Qxe5 31. Nxe5 Rd6 32. Rc6 Rxc6 33. Nxc6 f6 34. Kf1 Kf7 35. Ke2 e5 36. Nb8 Nc7 37. Kd3 Ke6 38. a4 f5 39. Kc4 h5 40. Kc5 e4 41. Kc6 Nd5 42. Nxa6 f4 43. Nc5+ Ke5 44. a5 Nxb4+ 45. Kb5 Nd5 46. a6 Nc7+ 47. Kc4 g5 48. a7 Na8 49. Nd7+ Ke6 50. Nf8+ Ke7 51. Nh7 g4 52. hxg4 hxg4 53. Kd4 e3 54. fxe3 fxe3 55. Kxe3 Kd6 56. Nf6 g3 57. Kf4 Kc6 58. Kxg3 Kb7 59. Kf4 Nc7 60. g4 Ne6+ 61. Ke5 Ng5 62. Ne4 Nh3 63. Kf5 Kxa7 64. Nd2 Kb7 65. Nf3 Kc7 66. Ke4 Nf2+ 67. Kf5 Nxg4 1/2-1/2

[Event "January 2 Late 2024"]
[Site "https://www.chess.com"]
[Date "2024.01.02"]
[Round "9"]
[White "Song, Ethan"]
[Black "Melian, Juan Sebastian"]
[Result "1-0"]
[Board "39"]
[TimeControl "180+1"]
[WhiteFideId "62900412"]
[BlackFideId "3706575"]
[WhiteElo "2769"]
[BlackElo "2610"]
[WhiteTeam "CAN"]
[BlackTeam "PAR"]
[WhiteClock "0:00:52"]
[BlackClock "0:00:00"]

1. e4 c5 2. Nc3 e6 3. Nf3 a6 4. a4 Nc6 5. d4 cxd4 6. Nxd4 Qc7 7. Be2 Nf6 8. O-O h5 9. Nxc6 dxc6 10. h3 e5 11. Bg5 Be6 12. Bxf6 gxf6 13. Bxh5 Bc5 14. Bg4 Ke7 15. Bxe6 fxe6 16. Qf3 Rag8 17. Kh1 Rh4 18. Ne2 Qb6 19. c3 Qb3 20. Rfd1 Qc2 21. Rd3 Rd8 22. Rxd8 Kxd8 23. Qxf6+ Be7 24. Qf3 Rxe4 25. Ng3 Rf4 26. Rd1+ Kc7 27. Qh5 Rxf2 28. Qxe5+ Kb6 29. a5+ Ka7 30. Rg1 Bf6 31. Qe3+ Ka8 32. Qxe6 Qxb2 33. Ne4 Re2 34. Qg8+ Ka7 35. Nxf6 Qxc3 36. Nd7 1-0

[Event "January 2 Late 2024"]
[Site "https://www.chess.com"]
[Date "2024.01.02"]
[Round "9"]
[White "Lie, Kjetil A."]
[Black "Olenik Campa, Rudi"]
[Result "1-0"]
[Board "40"]
[TimeControl "180+1"]
[WhiteFideId "1501984"]
[BlackFideId "14633264"]
[WhiteElo "2754"]
[BlackElo "2606"]
[WhiteTeam "NOR"]
[BlackTeam "SLO"]
[WhiteClock "0:00:03"]
[BlackClock "0:00:45"]

1. c4 g6 2. g3 Bg7 3. Bg2 e5 4. Nc3 Ne7 5. Nf3 O-O 6. O-O d6 7. d4 exd4 8. Nxd4 Nbc6 9. Nxc6 Nxc6 10. Nd5 Ne5 11. Qc2 Bf5 12. e4 Bd7 13. Bd2 Bc6 14. Bc3 a6 15. f4 Nd7 16. Bxg7 Kxg7 17. Qc3+ Kg8 18. Rad1 Bxd5 19. cxd5 Rc8 20. Rfe1 c6 21. dxc6 Rxc6 22. Qb4 Qb6+ 23. Qxb6 Rxb6 24. Re2 Nc5 25. Red2 Re8 26. Rxd6 Rxb2 27. e5 Rxa2 28. Rc1 Ne6 29. Bxb7 a5 30. Bd5 Rd2 31. Bxe6 Rxd6 32. Bxf7+ Kxf7 33. exd6 Ke6 34. Rc7 h5 35. Rg7 Kf6 36. Ra7 Rd8 37. Ra6 a4 38. Kg2 a3 39. Kh3 a2 40. d7+ Kf7 41. Rxa2 Rxd7 42. Kh4 Rd5 43. Ra6 Kg7 44. Re6 Kf7 45. Re5 Rd2 46. h3 Kf6 47. Ra5 Rh2 48. Ra6+ Kg7 49. Kg5 Rxh3 50. Rxg6+ Kf7 51. Kf5 Rh1 52. Ra6 Rg1 53. Ra7+ Kg8 54. Ra3 Kf7 55. Kg5 Rh1 56. Ra7+ Kf8 57. Ra8+ Kf7 58. Ra7+ Kf8 59. f5 Rg1 60. Ra3 Rh1 61. Kg6 h4 62. f6 Ke8 63. f7+ 1-0

[Event "January 2 Late 2024"]
[Site "https://www.chess.com"]
[Date "2024.01.02"]
[Round "9"]
[White "Tristan, Leonardo"]
[Black "Lund, Gunnar"]
[Result "1-0"]
[Board "41"]
[TimeControl "180+1"]
[WhiteFideId "113816"]
[BlackFideId "1520814"]
[WhiteElo "2750"]
[BlackElo "2591"]
[WhiteTeam "ARG"]
[BlackTeam "NOR"]
[WhiteClock "0:00:05"]
[BlackClock "0:00:15"]

1. d4 d6 2. e4 Nf6 3. Nc3 e5 4. Nf3 exd4 5. Nxd4 Be7 6. g3 O-O 7. Bg2 Re8 8. O-O Bf8 9. h3 Nbd7 10. Re1 c6 11. a4 a5 12. Bf4 Nc5 13. Qd2 Qb6 14. Rab1 Bd7 15. Kh2 Rad8 16. f3 Bc8 17. Be3 Qc7 18. Bg5 Be7 19. Rbd1 Nfd7 20. Bxe7 Rxe7 21. Nf5 Ree8 22. Nxd6 Rf8 23. Qe3 Na6 24. Nc4 Nb4 25. Re2 Nf6 26. Rxd8 Rxd8 27. Qb6 Qxb6 28. Nxb6 Be6 29. b3 Kf8 30. f4 Nd7 31. Nxd7+ Bxd7 32. e5 Bf5 33. Be4 Bxe4 34. Nxe4 Rd1 35. Nd6 b6 36. Nc4 Nd5 37. Kg2 Ke7 38. Nd6 Nc3 39. Rf2 Kd7 40. Nxf7 Ne4 41. Re2 Nc3 42. Re3 Nd5 43. Rd3 Rxd3 44. cxd3 Nb4 45. Ng5 Nxd3 46. Nxh7 Nc5 47. f5 Nxb3 48. g4 b5 49. f6 gxf6 50. exf6 Ke6 51. g5 Kf7 52. h4 bxa4 53. h5 a3 54. g6+ Ke6 55. g7 Kf7 56. Ng5+ Kg8 57. h6 a2 58. h7# 1-0

[Event "January 2 Late 2024"]
[Site "https://www.chess.com"]
[Date "2024.01.02"]
[Round "9"]
[White "Schnaider, Ilan"]
[Black "Roberson, Peter T"]
[Result "0-1"]
[Board "42"]
[TimeControl "180+1"]
[WhiteFideId "169013"]
[BlackFideId "412384"]
[WhiteElo "2723"]
[BlackElo "2586"]
[WhiteTeam "ARG"]
[BlackTeam "ENG"]
[WhiteClock "0:00:04"]
[BlackClock "0:00:06"]

1. e4 c5 2. Nf3 d6 3. Bb5+ Bd7 4. Bxd7+ Nxd7 5. O-O Ngf6 6. Qe2 e6 7. c3 Be7 8. Rd1 O-O 9. d4 Qb6 10. h3 Rac8 11. Bf4 Rfd8 12. Na3 cxd4 13. cxd4 d5 14. e5 Ne4 15. Rdc1 Bxa3 16. bxa3 Qa5 17. Qb2 Nb6 18. Nd2 Nxd2 19. Bxd2 Qa6 20. Bg5 Re8 21. Qb3 h6 22. Bh4 Nc4 23. Qg3 Qxa3 24. Rc3 Qb2 25. Re1 Kh8 26. Rf3 Rf8 27. Be7 Nd2 28. Rf4 Rc1 29. f3 Rfc8 30. Bc5 b6 31. Rxf7 Rxe1+ 32. Qxe1 bxc5 33. Kh2 Qxd4 34. h4 c4 35. Kh3 c3 36. Qg3 Rg8 37. Qg6 Qxe5 38. h5 Nf1 39. f4 Qe4 40. g3 Qxg6 41. hxg6 c2 42. Rc7 Ne3 43. g4 d4 44. Kg3 d3 45. Kf3 d2 46. Kxe3 c1=Q 47. Rf7 d1=Q+ 48. Ke4 Qc4+ 49. Ke5 Qdd5# 0-1

[Event "January 2 Late 2024"]
[Site "https://www.chess.com"]
[Date "2024.01.02"]
[Round "9"]
[White "Makridis, Dimitrios"]
[Black "Womacka, Mathias"]
[Result "0-1"]
[Board "43"]
[TimeControl "180+1"]
[WhiteFideId "25864475"]
[BlackFideId "4611390"]
[WhiteElo "2714"]
[BlackElo "2562"]
[WhiteTeam "GRE"]
[BlackTeam "GER"]
[WhiteClock "0:00:09"]
[BlackClock "0:00:37"]

1. e4 c5 2. Nf3 d6 3. d4 cxd4 4. Nxd4 Nf6 5. Nc3 a6 6. h3 e6 7. g4 b5 8. Bg2 Bb7 9. a3 Be7 10. g5 Nfd7 11. h4 Nc6 12. Be3 Rc8 13. Nxc6 Bxc6 14. Qd4 O-O 15. f4 a5 16. h5 e5 17. Qd2 exf4 18. Bxf4 Ne5 19. h6 g6 20. O-O-O b4 21. axb4 axb4 22. Nd5 Bxd5 23. exd5 Qa5 24. Qd4 b3 25. c3 Qa1+ 26. Kd2 Qxb2+ 27. Ke1 Qxg2 28. Bxe5 Qxh1+ 29. Ke2 Qh5+ 30. Kd3 0-1

[Event "January 2 Late 2024"]
[Site "https://www.chess.com"]
[Date "2024.01.02"]
[Round "9"]
[White "Do Valle Cardoso, Lucas"]
[Black "Ferreira, Vitor Hugo Vieira"]
[Result "1-0"]
[Board "44"]
[TimeControl "180+1"]
[WhiteFideId "2163144"]
[BlackFideId "2119765"]
[WhiteElo "2701"]
[BlackElo "2555"]
[WhiteTeam "BRA"]
[BlackTeam "BRA"]
[WhiteClock "0:00:27"]
[BlackClock "0:00:00"]

1. e4 c5 2. Nf3 d6 3. Nc3 a6 4. d4 cxd4 5. Nxd4 Nf6 6. Be3 e5 7. Nb3 Be6 8. f3 h5 9. Qd2 Nbd7 10. Nd5 Bxd5 11. exd5 g6 12. Na5 Qc7 13. Be2 Bg7 14. O-O O-O 15. c4 b6 16. Nc6 Nb8 17. Nxb8 Raxb8 18. Rac1 a5 19. b3 Nd7 20. a3 f5 21. b4 axb4 22. axb4 e4 23. fxe4 fxe4 24. Bh6 Ne5 25. Bxg7 Qxg7 26. Qe3 Nd7 27. Qxe4 Rbe8 28. Rxf8+ Rxf8 29. Qe6+ Kh8 30. Qxd6 Qd4+ 31. Kh1 Qd2 32. Rg1 Qxe2 33. Qxd7 Rf1 34. Qd8+ Kh7 35. Qc7+ Kh6 36. h3 Rxg1+ 37. Kxg1 Qe1+ 38. Kh2 Qxb4 39. d6 b5 40. d7 bxc4 41. d8=Q 1-0

[Event "January 2 Late 2024"]
[Site "https://www.chess.com"]
[Date "2024.01.02"]
[Round "9"]
[White "Syaputra, Arifa Rizki"]
[Black "Pham, Le Thao Nguyen"]
[Result "1/2-1/2"]
[Board "45"]
[TimeControl "180+1"]
[WhiteFideId "7105100"]
[BlackFideId "12401226"]
[WhiteElo "2698"]
[BlackElo "2554"]
[WhiteTeam "INA"]
[BlackTeam "VIE"]
[WhiteClock "0:02:16"]
[BlackClock "0:01:11"]

1. e4 c5 2. Nf3 e6 3. d4 cxd4 4. Nxd4 a6 5. Bd3 Nc6 6. Nxc6 dxc6 7. O-O e5 8. f4 Bc5+ 9. Kh1 Nf6 10. Nc3 Ng4 11. Qf3 Qh4 12. h3 Nf2+ 13. Kh2 Ng4+ 14. Kh1 Nf2+ 15. Kh2 Ng4+ 16. Kh1 1/2-1/2

[Event "January 2 Late 2024"]
[Site "https://www.chess.com"]
[Date "2024.01.02"]
[Round "9"]
[White "Sevgi, Volkan"]
[Black "Pinheiro, Iung Alicio de O."]
[Result "1-0"]
[Board "46"]
[TimeControl "180+1"]
[WhiteFideId "6325335"]
[BlackFideId "2104350"]
[WhiteElo "2684"]
[BlackElo "2550"]
[WhiteTeam "TUR"]
[BlackTeam "BRA"]
[WhiteClock "0:00:04"]
[BlackClock "0:00:01"]

1. e4 c5 2. Nc3 e6 3. f4 d5 4. Nf3 dxe4 5. Nxe4 Nh6 6. b3 Nf5 7. Bb2 Be7 8. Bb5+ Bd7 9. Bd3 O-O 10. O-O Nc6 11. a3 Bc8 12. Qe1 b6 13. Ne5 Bb7 14. Qf2 Rc8 15. Rae1 Bh4 16. g3 Be7 17. g4 Bh4 18. Ng3 Nfd4 19. Be4 Nxe5 20. Bxb7 Nxg4 21. Qg2 Rc7 22. Be4 f5 23. Bd3 Nxb3 24. Rxe6 Nd4 25. Ree1 g6 26. Bc4+ Kh8 27. d3 Bf6 28. c3 Nc6 29. Re6 Na5 30. Bd5 Rd7 31. c4 Rd6 32. Rfe1 Nb3 33. Rxd6 Qxd6 34. Re6 Qd8 35. h3 Nd4 36. Re1 Nh6 37. Kh1 Nf7 38. Ne2 Re8 39. Bxf7 Re3 40. Bd5 Qe7 41. Bxd4 Bxd4 42. Bf3 Kg7 43. Rf1 Rxd3 44. Nxd4 Rxd4 45. Bd5 Qe3 46. Qf3 Qd2 47. Rf2 Qe1+ 48. Rf1 Qd2 49. Qg2 Qc3 50. Rf3 Qe1+ 51. Qf1 Qd2 52. Rf2 Qc3 53. Kh2 Rd3 54. Bg2 Qd4 55. Qe2 Kh6 56. Rf1 Rd2 57. Qf3 Qb2 58. Qg3 Qd4 59. Re1 Kg7 60. Re7+ Kf8 61. Rxh7 Qb2 62. Rxa7 Rd1 63. Qxg6 Qd4 64. Qf7# 1-0

[Event "January 2 Late 2024"]
[Site "https://www.chess.com"]
[Date "2024.01.02"]
[Round "9"]
[White "Hua, Lefong"]
[Black "Tabuenca Mendataurigoitia, Daniel"]
[Result "1-0"]
[Board "47"]
[TimeControl "180+1"]
[WhiteFideId "2602253"]
[BlackFideId "24563617"]
[WhiteElo "2677"]
[BlackElo "2541"]
[WhiteTeam "CAN"]
[BlackTeam "ESP"]
[WhiteClock "0:00:52"]
[BlackClock "0:00:26"]

1. d4 d6 2. e4 Nf6 3. f3 d5 4. e5 Nfd7 5. f4 c5 6. c3 Nc6 7. Nf3 cxd4 8. cxd4 Nb6 9. Nc3 Bg4 10. Be2 e6 11. O-O Bb4 12. a3 Bxc3 13. bxc3 O-O 14. h3 Bxf3 15. Rxf3 f5 16. a4 Na5 17. Ba3 Rf7 18. Rb1 Nbc4 19. Bb4 Rc8 20. g4 fxg4 21. hxg4 Qh4 22. Qd3 Qxg4+ 23. Rg3 Qxf4 24. Rf1 Qe4 25. Rxf7 Kxf7 26. Qxe4 dxe4 27. Rg4 Nb3 28. Rxe4 a5 29. Rf4+ Kg8 30. Bxc4 g5 31. Bxe6+ Kg7 32. Rf7+ Kg6 33. Rf6+ Kh5 34. Bxc8 1-0

[Event "January 2 Late 2024"]
[Site "https://www.chess.com"]
[Date "2024.01.02"]
[Round "9"]
[White "Ljukin, Sergei"]
[Black "Banzea, Alexandru-Bogdan"]
[Result "1-0"]
[Board "48"]
[TimeControl "180+1"]
[WhiteFideId "14102200"]
[BlackFideId "1232622"]
[WhiteElo "2537"]
[BlackElo "2675"]
[WhiteTeam "UKR"]
[BlackTeam "ROU"]
[WhiteClock "0:00:41"]
[BlackClock "0:00:00"]

1. e4 c6 2. d4 d5 3. e5 c5 4. Nf3 Nc6 5. c4 e6 6. Nc3 cxd4 7. Nxd4 Bc5 8. Nxc6 bxc6 9. Qg4 Ne7 10. Bd3 Ng6 11. O-O O-O 12. Qg3 dxc4 13. Bc2 Qh4 14. Re1 Qxg3 15. hxg3 Rb8 16. Rb1 Bd4 17. Bf4 Rxb2 18. Rxb2 Bxc3 19. Reb1 Bxb2 20. Rxb2 Ne7 21. Rb4 Ba6 22. Ra4 Bb5 23. Rxa7 Nd5 24. a4 Rb8 25. Be4 h6 26. axb5 cxb5 27. Bxd5 exd5 28. e6 Rf8 29. e7 Re8 30. Rd7 b4 31. Rd8 1-0

[Event "January 2 Late 2024"]
[Site "https://www.chess.com"]
[Date "2024.01.02"]
[Round "9"]
[White "Makaraci, Tunahan"]
[Black "Niedbala, Bartlomiej"]
[Result "0-1"]
[Board "49"]
[TimeControl "180+1"]
[WhiteFideId "6356559"]
[BlackFideId "21834008"]
[WhiteElo "2536"]
[BlackElo "2654"]
[WhiteTeam "TUR"]
[BlackTeam "POL"]
[WhiteClock "0:00:07"]
[BlackClock "0:00:14"]

1. e4 Nf6 2. e5 Nd5 3. d4 d6 4. Nf3 dxe5 5. Nxe5 c6 6. Be2 Bf5 7. O-O Nd7 8. Nf3 e6 9. a3 Bd6 10. c4 N5f6 11. Nc3 h6 12. Be3 O-O 13. h3 Bh7 14. Bd3 Bxd3 15. Qxd3 Re8 16. Rad1 Qc7 17. Ne4 Nxe4 18. Qxe4 e5 19. c5 Bf8 20. dxe5 Nxe5 21. Bf4 Nxf3+ 22. Qxf3 Qc8 23. Bd6 Qe6 24. Bxf8 Rxf8 25. Rd6 Qe5 26. b4 Rad8 27. Rfd1 Rxd6 28. Rxd6 a5 29. g3 axb4 30. axb4 Qe1+ 31. Kg2 Qxb4 32. Qe3 Qb5 33. Rd7 Qb4 34. Qe7 b6 35. cxb6 Qxb6 36. Rc7 Qd4 37. Rd7 Qb6 38. Rc7 Qd4 39. Rd7 Qc4 40. Rc7 Qd5+ 41. Kh2 Qf3 42. Qe3 Qxe3 43. fxe3 Re8 44. Rxc6 Rxe3 45. Kg2 f6 46. Kf2 Ra3 47. h4 Ra2+ 48. Kf3 Ra3+ 49. Kg4 Kh7 50. Rb6 Ra4+ 51. Kh3 Ra8 52. Rb7 Ra1 53. Rc7 Ra2 54. Rb7 Ra4 55. Rc7 Re4 56. Ra7 Re8 57. Rb7 Rd8 58. Ra7 Rd1 59. Rb7 Rc1 60. Ra7 Rc2 61. Rb7 Rc8 62. Ra7 Rh8 63. Rb7 Kg6 64. Kg4 h5+ 65. Kf4 Re8 66. Ra7 Rb8 67. Rc7 Ra8 68. Rb7 Rf8 69. Ra7 Rd8 70. Rb7 Rh8 71. Ra7 Rc8 72. Rb7 Rc1 73. Ra7 Rf1+ 74. Ke3 Rf5 75. Ke4 Rf2 76. Ke3 Rb2 77. Kf3 Rb5 78. Rc7 Rb6 79. Ra7 Rd6 80. Rc7 Rd2 81. Ra7 Rb2 82. Rc7 Rb8 83. Ra7 Rg8 84. Rc7 Re8 85. Ra7 Re5 86. Rc7 Rb5 87. Ra7 Rb4 88. Rc7 Rb3+ 89. Kf4 Kh6 90. Rc6 Ra3 91. Rb6 Kg6 92. Rb7 Rc3 93. Ra7 Rd3 94. Rb7 Rd1 95. Ra7 Rf1+ 96. Ke3 Kh7 97. Rb7 Rf5 98. Ke4 Re5+ 99. Kf4 Rd5 100. Ra7 Rd1 101. Rb7 Rf1+ 102. Ke3 Kh6 103. Rb6 Rf5 104. Ke4 g6 105. Ra6 Rf1 106. Ke3 g5 107. Ke2 Rf5 108. Ke3 g4 109. Ke4 Rf3 110. Ra8 Rxg3 111. Rh8+ Kg6 112. Rg8+ Kh7 113. Rf8 Rf3 114. Rf7+ Kg6 115. Rf8 Rf1 116. Rg8+ Kh7 117. Rf8 Kg7 118. Ra8 g3 119. Ra3 f5+ 120. Ke5 f4 121. Ra7+ Kg6 122. Ra6+ Kf7 123. Ra7+ Ke8 124. Ke6 Re1+ 125. Kf5 g2 0-1